 Dungeon Crawl Stone Soup version 0.31-a0-574-g69dc8cc98e (webtiles) character file.

Game seed: 1601004503719357947

102 thirtiethelement the Grave Robber (level 4, -3/33 HPs)
             Began as a Demonspawn Necromancer on Aug 18, 2023.
             Killed from afar by Sigmund (13 damage)
             ... with a puff of flame
             ... on level 3 of the Dungeon.
             The game lasted 00:13:23 (1416 turns).

thirtiethelement the Grave Robber (DsNe)            Turns: 1416, Time: 00:13:23

Health: -3/33      AC:  6    Str: 11    XL:     4   Next: 49%
Magic:  2/7        EV: 12    Int: 21    God:
Gold:   18         SH:  0    Dex: 12    Spells: 2/8 levels left

rFire   . . .        j - +2 short sword (flame)
rCold   . . .        (no shield)
rNeg    . . .        a - +0 robe
rPois   .            o - +0 helmet
rElec   .            (no cloak)
rCorr   .            (no gloves)
SInv    .            (no boots)
Will    +....        (no amulet)
Stlth   ++           i - ring of willpower
HPRegen 0.25/turn    (no ring)
MPRegen 0.10/turn

%: no passive effects
@: no status effects
A: rugged brown scales 3, talons 1, clever 1, strong 1, MP-powered wands
a: no special abilities


You were on level 3 of the Dungeon.
You visited 1 branch of the dungeon, and saw 3 of its levels.

You collected 138 gold pieces.
You spent 120 gold pieces at shops.

Inventory:

Hand Weapons
 f - a +0 dagger
 j - a +2 short sword of flaming (weapon)
 m - a +2 short sword of venom
Armour
 a - a +0 robe (worn)
 o - a +0 helmet (worn)
Magical Staves
 h - a staff of conjuration
Jewellery
 i - a ring of willpower (left hand)
Scrolls
 d - a scroll of vulnerability
 n - a scroll of amnesia
Potions
 b - 2 potions of magic
 c - a potion of attraction {unknown}
 e - 2 potions of curing
 g - 3 potions of might
 q - a potion of brilliance {unknown}


   Skills:
 + Level 0.4 Fighting
 + Level 0.5 Short Blades
 + Level 2.1 Dodging
 + Level 2.4 Stealth
 + Level 0.5 Unarmed Combat
 + Level 2.5 Spellcasting
 + Level 5.4 Necromancy


You had 2 spell levels left.
You knew the following spells:

 Your Spells              Type           Power      Damage    Failure   Level
a - Necrotise             Necr           100%       1d9       1%          1
b - Blink                 Tloc           4%         N/A       22%         2
c - Vampiric Draining     Necr           25%        2d7       4%          3

Your spell library contained the following spells:

 Spells                   Type           Power      Damage    Failure   Level
 Lesser Beckoning         Tloc           4%         N/A       22%         2
 Momentum Strike          Conj/Tloc      4%         3d8       22%         2
 Animate Dead             Necr           25%        N/A       16%         4
 Inner Flame              Hex/Fire       2%         N/A       38%         3
 Agony                    Necr           25%        N/A       38%         5
 Yara's Violent Unravell  Hex/Tmut       1%         3d3       98%         5
 Enfeeble                 Hex            1%         N/A       100%        7


Dungeon Overview and Level Annotations

Branches:
Dungeon (3/15)

Altars:

Shops:
D:2 *

Annotations:
D:3 Sigmund


Innate Abilities, Weirdness & Mutations

You are completely covered in rugged brown scales. (AC +3, +7% HP)
You have sharp toenails.
Your mind is acute. (Int +4, Str/Dex -1)
Your muscles are strong. (Str +4, Int/Dex -1)
You expend magic power (3 MP) to strengthen your wands.


Message History

Sigmund is heavily wounded.
The orc hits your ball python skeleton with a +0 whip.
Your jackal skeleton bites Sigmund.
Sigmund hits you with a +0 scythe.
You hit Sigmund. You burn Sigmund. Your kick misses Sigmund.
Sigmund is severely wounded.
Your ball python skeleton closely misses Sigmund. x2
The orc hits your ball python skeleton with a +0 whip.
Your ball python skeleton is destroyed!
Your jackal skeleton closely misses Sigmund.
You barely miss Sigmund. You claw Sigmund, but do no damage.
Sigmund is severely wounded.
Your jackal skeleton bites Sigmund but does no damage.
Sigmund casts a spell.
Sigmund flickers and vanishes!
Deactivating autopickup; reactivate with Ctrl-A.
Casting: Necrotise (safe; 1% risk of failure)
Confirm with . or Enter, or press ? or * to list all spells.
Aiming: Necrotise (safe; 1% risk of failure)
Press: ? - help, Shift-Dir - straight line, f - orc
Aim: an orc, wielding a +0 whip and wearing a +0 ring mail (chance to affect: 93%)
Something writhes in agony.
You hear some strange, mumbled words.
Something tries to affect you, but you resist.
You barely miss something. Something hits you.
You closely miss something. Your kick misses something.
Something hits you but does no damage.
You hit something. You burn something. You barely miss something.
Your kick misses something. Something hits you!
* * * LOW HITPOINT WARNING * * *
Something hits you but does no damage. The orc barely misses you.
The orc hits your jackal skeleton with a +0 whip.
The orc hits your jackal skeleton with a +0 whip.
Your jackal skeleton is destroyed!
You hear some strange, mumbled words.
Something tries to affect you, but you resist.
You hear the slow rusting of a very distant drain.
A puff of flame appears from out of thin air!
The puff of flame hits you!
You die...

..........##........#
....................## .
............#.......####..
#.....................
######.................##..
...........................
...†#..............<.......
....#.......{............#.
.............o..@........#
..............##...........
....##...#######.........#.
....##..## #.........#
......$.# #######..##
.......## .## ....$###
#...## ..##


You could see an orc.

Vanquished Creatures
  Robin (D:2)
  An adder (D:2)
  A worm (D:2)
  A dart slug (D:1)
  An orc (D:2)
  3 ball pythons
  7 endoplasms
  13 goblins
  3 hobgoblins
  12 jackals
  3 kobolds
  2 quokkas
  4 bats
  5 frilled lizards
  4 rats (D:2)
61 creatures vanquished.

Vanquished Creatures (collateral kills)
  A hobgoblin (D:3)
  A jackal (D:1)
  2 ball pythons (D:1)
  A rat (D:1)
5 creatures vanquished.

Grand Total: 66 creatures vanquished

Notes
Turn   | Place    | Note
-------+----------+-------------------------------------------
     0 | D:1      | thirtiethelement the Demonspawn Necromancer began the quest
                  | for the Orb.
     0 | D:1      | Reached XP level 1. HP: 13/13 MP: 3/3
   133 | D:1      | Gained mutation: You are partially covered in rugged brown
                  | scales. (AC +1, +3% HP) [demonic ancestry]
   133 | D:1      | Reached XP level 2. HP: 13/19 MP: 1/5
   209 | D:1      | Learned a level 2 spell: Blink
   386 | D:1      | Reached skill level 5 in Necromancy
   434 | D:1      | Gained mutation: Your mind is acute. (Int +4, Str/Dex -1)
                  | [potion of mutation]
   434 | D:1      | Gained mutation: You have hidden genetic potential. [potion
                  | of mutation]
   434 | D:1      | Gained mutation: You expend magic power (3 MP) to
                  | strengthen your wands. [potion of mutation]
   605 | D:1      | Gained mutation: You are mostly covered in rugged brown
                  | scales. (AC +2, +5% HP) [demonic ancestry]
   605 | D:1      | Reached XP level 3. HP: 19/25 MP: 6/6
   821 | D:2      | Learned a level 3 spell: Vampiric Draining
   834 | D:2      | Gained mutation: You have sharp toenails. [hidden
                  | potential]
   953 | D:2      | Found a faded altar of an unknown god.
  1030 | D:2      | Gained mutation: You are completely covered in rugged brown
                  | scales. (AC +3, +7% HP) [demonic ancestry]
  1030 | D:2      | Reached XP level 4. HP: 22/32 MP: 7/7
  1103 | D:2      | Noticed Robin
  1128 | D:2      | Killed Robin
  1141 | D:2      | Gained mutation: Your muscles are strong. (Str +4, Int/Dex
                  | -1) [hidden potential]
  1141 | D:2      | Lost mutation: You have hidden genetic potential. [hidden
                  | potential expressed]
  1289 | D:2      | Found Ehemedghi's Assorted Antiques.
  1296 | D:2      | Bought a tubular garnet ring for 120 gold pieces
  1365 | D:3      | Noticed Sigmund
  1416 | D:3      | Killed from afar by Sigmund

Illustrated notes

Levels and vault maps discovered:
D:1:      onia_arrival_mini_spirals, layout_loops_ring
D:2:      layout_rooms, dreamdust_ecumenical_altar_statues, serial_shops, shop,
          uniq_robin
D:3:      layout_rooms, portal_sewer_entry_b, uniq_jessica, uniq_grinder,
          uniq_natasha, uniq_sigmund

Skill      XL: |  1  2  3 |
---------------+----------+-----
Stealth        | 2 |  2.4
Necromancy     | 5 |  5.4
Dodging        | 2 |  2.1
Fighting       | |  0.4
Short Blades   | |  0.5
Unarmed Combat | |  0.5
Spellcasting   | |  2.5

Action                     |  1- 3 |  4- 6 || total
---------------------------+-------+-------++-------
  Melee: Unarmed           |    40 |       ||    40
         Dagger            |    37 |       ||    37
         Short sword       |    16 |    29 ||    45
         Kick              |     9 |     6 ||    15
   Cast: Necrotise         |    41 |    14 ||    55
         Vampiric Draining |     1 |       ||     1
         Blink             |       |     1 ||     1
    Use: Scroll            |     2 |     6 ||     8
         Potion            |     1 |       ||     1
   Stab: Sleeping          |     5 |       ||     5
         Distracted        |     1 |       ||     1
 Armour: Robe              |    14 |     6 ||    20
  Dodge: Dodged            |    70 |    15 ||    85

Table legend: (Time is in decaauts)
 A = Elapsed time spent in this place.
 B = Non-inter-level travel time spent in this place.
 C = Inter-level travel time spent in this place.
 D = Time resting spent in this place.
 E = Time spent auto-exploring this place.
 F = Levels seen in this place.
 G = Mean time per level.
                   A        B        C        D        E       F      G
               +--------+--------+--------+--------+--------+-----+--------+
         Total |   1413 |   1382 |     31 |     39 |    403 |   3 |  471.0 |
       Dungeon |   1413 |   1382 |     31 |     39 |    403 |   3 |  471.0 |
               +--------+--------+--------+--------+--------+-----+--------+

Top non-repeatable levels by time:
     D:1: 752 daAuts
     D:2: 610 daAuts
     D:3: 50 daAuts
